 Dungeon Crawl Stone Soup version 0.22.0-49-gab54619 (webtiles) character file.

15004 sbiou the Fighter (level 12, 0/94 HPs)
             Began as a Gnoll Wanderer on Sept 3, 2018.
             Was a High Priest of Ru.
             Hit by a large rock thrown by a cyclops (25 damage)
             ... on level 12 of the Dungeon on Sept 4, 2018.
             The game lasted 01:21:48 (14349 turns).

sbiou the Fighter (Gnoll Wanderer)                 Turns: 14349, Time: 01:21:49

Health: 0/94       AC: 11    Str: 20    XL:     12   Next: 22%
Magic:  0/30       EV: 10    Int: 15    God:    Ru [*****.]
Gold:   837        SH:  5    Dex: 14    Spells: 22/23 levels left

rFire    . . .     SeeInvis .   a - +4 spear
rCold    . . .     Gourm    .   t - +0 buckler
rNeg     . . .     Faith    .   C - +0 chain mail {rPois}
rPois    +         Spirit   +   s - +0 helmet
rElec    .         Reflect  .   (no cloak)
rCorr    .         Harm     .   (no gloves)
MR       .....                  (no boots)
Stlth    ..........             h - amulet of guardian spirit
HPRegen  0.25/turn              d - ring of magical power
MPRegen  0.22/turn              b - ring of wizardry

@: no scrolls, drained
A: distributed training, fangs 1, inability to read while threatened, inability
to use devices, unskilled 1, strong nose
a: Draw Out Power, Power Leap, Apocalypse, Renounce Religion


You were on level 12 of the Dungeon.
You worshipped Ru.
Ru was extremely pleased with you.
You were hungry.

You visited 2 branches of the dungeon, and saw 13 of its levels.

You collected 837 gold pieces.

Inventory:

Hand Weapons
 a - a +4 spear (weapon)
Missiles
 g - 18 tomahawks
 j - 266 stones (quivered)
Armour
 s - a +0 helmet (worn)
 t - a +0 buckler (worn)
 u - +0 acid dragon scales
 v - a +0 shield
 C - a +0 chain mail of poison resistance (worn)
Jewellery
 b - a ring of wizardry (right hand)
 d - a ring of magical power (left hand)
 h - an amulet of guardian spirit (around neck)
 p - an uncursed amulet of harm
Scrolls
 e - 2 scrolls of blinking
 i - a scroll of fog
 k - 2 scrolls of enchant weapon
 l - 2 scrolls of magic mapping
 n - a scroll of remove curse
 o - 3 scrolls of identify
 r - 5 scrolls of teleportation
 x - 3 scrolls of amnesia
Potions
 c - 5 potions of curing
 m - a potion of brilliance {unknown}
Comestibles
 f - 22 rations
 q - 5 chunks of flesh


   Skills:
 + Level 8.8(8.0) Fighting
 + Level 6.3(5.5) Short Blades
 + Level 6.3(5.5) Long Blades
 + Level 6.8(6.0) Axes
 + Level 6.3(5.5) Maces & Flails
 + Level 6.8(6.0) Polearms
 + Level 6.3(5.5) Staves
 + Level 6.3(5.5) Slings
 + Level 6.3(5.5) Bows
 + Level 6.3(5.5) Crossbows
 + Level 6.3(5.5) Throwing
 + Level 7.7(6.8) Armour
 + Level 6.3(5.5) Dodging
 + Level 7.5(6.6) Stealth
 + Level 6.8(6.0) Shields
 + Level 6.3(5.5) Unarmed Combat
 + Level 6.3(5.5) Spellcasting
 + Level 5.2(4.5) Conjurations
 + Level 5.2(4.5) Hexes
 + Level 5.2(4.5) Charms
 + Level 5.2(4.5) Summonings
 + Level 5.2(4.5) Necromancy
 + Level 5.2(4.5) Translocations
 + Level 5.2(4.5) Transmutations
 + Level 5.2(4.5) Fire Magic
 + Level 5.2(4.5) Ice Magic
 + Level 5.2(4.5) Air Magic
 + Level 5.2(4.5) Earth Magic
 + Level 5.2(4.5) Poison Magic
 + Level 6.9(6.1) Invocations
   Level 0.0 Evocations


You had 22 spell levels left.
You knew the following spells:

 Your Spells              Type           Power        Failure   Level  Hunger
a - Animate Skeleton      Necr           N/A          9%          1    None

Your spell library contained the following spells:

 Spells                   Type           Power        Failure   Level  Hunger
 Apportation              Tloc           ###...       9%          1    None
 Confusing Touch          Hex            ###...       9%          1    None
 Magic Dart               Conj           ###.         9%          1    None
 Summon Small Mammal      Summ           ###.         9%          1    None
 Blink                    Tloc           N/A          13%         2    #......
 Call Imp                 Summ           ###.....     13%         2    #......
 Slow                     Hex            ###.....     13%         2    #......
 Conjure Flame            Conj/Fire      ###.....     26%         3    ###....
 Mephitic Cloud           Conj/Pois/Air  ###.....     26%         3    ###....


Dungeon Overview and Level Annotations

Branches:
Dungeon (12/15)            Temple (1/1) D:5            Lair (0/6) D:9
    Orc (0/2) D:11

Altars:
Ashenzari
Cheibriados
Dithmenos
Elyvilon
Fedhas
Gozag
Hepliaklqana
Kikubaaqudgha
Makhleb
Nemelex Xobeh
Okawaru
Qazlal
Ru
Sif Muna
Trog
Uskayaw
Vehumet
Wu Jian
Xom
Yredelemnul
Zin
The Shining One
Beogh

Shops:
D:2 *   D:8 (   D:9 *


Innate Abilities, Weirdness & Mutations

Your experience applies equally to all skills.
You have very sharp teeth.
You cannot read scrolls while threatened.
You cannot study or use magical devices.
You are somewhat unskilled. (-1 Apt)
Your uncanny sense of smell can sniff out nearby items.


Message History

Something barely misses your crocodile skeleton.
Something hits your crocodile skeleton.
There is an open door here.
Something hits your crocodile skeleton! Something hits your crocodile skeleton.
Your crocodile skeleton barely misses something.
Something hits your crocodile skeleton. x2
Something hits your crocodile skeleton!
You see here a stone.
Something hits your crocodile skeleton!
Your crocodile skeleton is destroyed!
Something hits you.
* * * LOW HITPOINT WARNING * * *
You see here a stone.
You are feeling hungry.
Something hits you but does no damage. Something hits you but does no damage.
The cyclops throws a large rock.
The large rock hits you!!
You feel threatened and lose the ability to read scrolls!
You die...

#..C# ##.## #.# #C#
.##. ##'## ...
##...## #.#####
##(....## #.....#
##(......##
#.....###@........#
#.......%.........+
#.....###.......>.#
#.....# ##.......##
###.### ##.....##
###.# ##...## #...#
##+## ##.### #.#
##.[.##########.#
#####


You could see a cyclops.

Vanquished Creatures
  A death knight (D:11)
  Erica (D:11)
  2 two-headed ogres
  An unseen horror (D:10)
  An orc knight (D:11)
  An ugly thing (D:11)
  Joseph (D:7)
  3 centaur skeletons (D:11)
  A komodo dragon (D:9)
  A hornet (D:11)
  Prince Ribbit (D:8)
  A hippogriff (D:11)
  9 yaks (D:11)
  A wraith (D:11)
  3 hogs (D:11)
  A human (D:11)
  Menkaure (D:7)
  A water moccasin (D:10)
  3 ice beasts
  5 orc warriors
  4 sky beasts
  A hornet zombie (D:7)
  4 phantoms
  A necrophage (D:7)
  2 black bears
  An eye of draining (D:11)
  3 ogres
  8 centaurs
  A crocodile (D:12)
  2 big kobolds
  5 bullfrogs
  A wyvern zombie (D:7)
  5 scorpions
  4 killer bees (D:11)
  5 wights (D:9)
  2 howler monkeys
  5 crimson imps
  A lava snake (D:9)
  A bullfrog zombie (D:9)
  A quasit (D:10)
  4 bullfrog skeletons
  8 hounds
  6 orc priests
  2 jellies
  10 orc wizards
  8 iguanas
  5 worker ants
  A hound zombie (D:10)
  A hound skeleton (D:8)
  A worker ant zombie (D:6)
  9 gnolls
  9 adders
  2 shadow imps
  2 oozes
  An adder skeleton (D:9)
  2 worms
  2 dart slugs
  2 leopard geckos
  46 orcs
  2 ball pythons (D:1)
  4 giant cockroaches
  6 hobgoblins
  17 jackals
  15 kobolds
  11 quokkas
  4 bats
  2 frilled lizards (D:1)
  8 goblins
  2 leopard gecko skeletons
  A quokka skeleton (D:4)
  6 rats
295 creatures vanquished.

Vanquished Creatures (collateral kills)
  Gastronok (D:11)
  A crocodile (D:10)
2 creatures vanquished.

Vanquished Creatures (others)
  A two-headed ogre (D:10)
  A yak (D:11)
  An acid dragon (D:11)
  2 orcs
  A leopard gecko zombie (D:8)
  A plant (D:9)
7 creatures vanquished.

Grand Total: 304 creatures vanquished

Notes
Turn   | Place    | Note
-------+----------+-------------------------------------------
     0 | D:1      | sbiou the Gnoll Wanderer began the quest for the Orb.
     0 | D:1      | sbiou set off with: a +2 spear, a +0 ring mail, a potion of
                  | curing, a +0 dagger, a ration
     0 | D:1      | Reached XP level 1. HP: 23/23 MP: 1/1
    72 | D:1      | Reached XP level 2. HP: 29/29 MP: 2/2
   477 | D:1      | Reached XP level 3. HP: 33/35 MP: 3/3
   855 | D:2      | Reached skill level 1 in Invocations
   868 | D:1      | Reached skill level 1 in Short Blades
   868 | D:1      | Reached skill level 1 in Long Blades
   868 | D:1      | Reached skill level 1 in Maces & Flails
   868 | D:1      | Reached skill level 1 in Staves
   868 | D:1      | Reached skill level 1 in Slings
   868 | D:1      | Reached skill level 1 in Bows
   868 | D:1      | Reached skill level 1 in Crossbows
   868 | D:1      | Reached skill level 1 in Throwing
   868 | D:1      | Reached skill level 1 in Dodging
   868 | D:1      | Reached skill level 1 in Unarmed Combat
   868 | D:1      | Reached skill level 1 in Spellcasting
   868 | D:1      | Reached skill level 1 in Evocations
   868 | D:1      | Reached XP level 4. HP: 14/41 MP: 5/5
  1305 | D:2      | Found a basalt altar of Yredelemnul.
  1367 | D:2      | Found a shadowy altar of Dithmenos.
  1370 | D:2      | Found a stormy altar of Qazlal.
  1373 | D:2      | Found a white marble altar of Elyvilon.
  1530 | D:2      | Found Gozag's Platinum Reserve.
  1535 | D:2      | Found an opulent altar of Gozag.
  1742 | D:3      | Reached skill level 1 in Conjurations
  1742 | D:3      | Reached skill level 1 in Hexes
  1742 | D:3      | Reached skill level 1 in Charms
  1742 | D:3      | Reached skill level 1 in Summonings
  1742 | D:3      | Reached skill level 1 in Necromancy
  1742 | D:3      | Reached skill level 1 in Translocations
  1742 | D:3      | Reached skill level 1 in Transmutations
  1742 | D:3      | Reached skill level 1 in Fire Magic
  1742 | D:3      | Reached skill level 1 in Ice Magic
  1742 | D:3      | Reached skill level 1 in Air Magic
  1742 | D:3      | Reached skill level 1 in Earth Magic
  1742 | D:3      | Reached skill level 1 in Poison Magic
  1757 | D:3      | Reached XP level 5. HP: 32/47 MP: 6/6
  2317 | D:3      | Reached XP level 6. HP: 50/53 MP: 8/8
  2957 | D:3      | Reached skill level 5 in Armour
  3263 | D:3      | Reached XP level 7. HP: 17/59 MP: 7/10
  3558 | D:4      | Reached skill level 7 in Fighting
  3957 | D:5      | Entered Level 5 of the Dungeon
  3968 | D:5      | Found a stormy altar of Qazlal.
  4125 | D:5      | Found a staircase to the Ecumenical Temple.
  4177 | Temple   | Entered the Ecumenical Temple
  4248 | Temple   | Became a worshipper of Ru the Awakened
  4462 | D:5      | Reached skill level 5 in Stealth
  4588 | D:5      | Reached XP level 8. HP: 51/67 MP: 12/12
  5667 | D:6      | Found a hazy altar of Hepliaklqana.
  5685 | D:6      | Gained mutation: You are somewhat unskilled. (-1 Apt) [Ru
                  | sacrifice]
  5685 | D:6      | Reduced skill Fighting to level 6
  5685 | D:6      | Reached * piety under Ru
  5685 | D:6      | Reached ** piety under Ru
  5746 | D:6      | Reached skill level 5 in Stealth
  6417 | D:7      | Noticed Joseph
  6643 | D:7      | Killed Joseph
  6643 | D:7      | Reached skill level 7 in Fighting
  6643 | D:7      | Reached XP level 9. HP: 46/72 MP: 14/14
  7706 | D:7      | Noticed Menkaure
  7718 | D:7      | Killed Menkaure
  8014 | D:8      | Noticed a two-headed ogre
  8025 | D:7      | Killed a two-headed ogre
  8110 | D:8      | Reached XP level 10. HP: 64/78 MP: 16/16
  8181 | D:8      | Reached skill level 5 in Axes
  8181 | D:8      | Reached skill level 5 in Polearms
  8181 | D:8      | Reached skill level 5 in Shields
  8310 | D:8      | Found Ceheelikk's Antique Weapon Emporium.
  8583 | D:8      | Gained mutation: You cannot read scrolls while threatened.
                  | [Ru sacrifice]
  8583 | D:8      | Reached *** piety under Ru
  8599 | D:8      | Noticed Prince Ribbit
  9037 | D:8      | Killed Prince Ribbit
  9037 | D:8      | Reached skill level 5 in Invocations
  9669 | D:9      | Found a staircase to the Lair.
  9735 | D:9      | Learned a level 1 spell: Animate Skeleton
 10118 | D:9      | Found Tocuntou's General Store.
 10580 | D:10     | Entered Level 10 of the Dungeon
 11152 | D:10     | Gained mutation: You cannot study or use magical devices.
                  | [Ru sacrifice]
 11152 | D:10     | Reached **** piety under Ru
 11152 | D:10     | Reached ***** piety under Ru
 11220 | D:10     | Noticed a two-headed ogre
 11235 | D:10     | Killed a two-headed ogre
 11235 | D:10     | Reached skill level 5 in Short Blades
 11235 | D:10     | Reached skill level 5 in Long Blades
 11235 | D:10     | Reached skill level 5 in Maces & Flails
 11235 | D:10     | Reached skill level 5 in Staves
 11235 | D:10     | Reached skill level 5 in Slings
 11235 | D:10     | Reached skill level 5 in Bows
 11235 | D:10     | Reached skill level 5 in Crossbows
 11235 | D:10     | Reached skill level 5 in Throwing
 11235 | D:10     | Reached skill level 5 in Dodging
 11235 | D:10     | Reached skill level 5 in Unarmed Combat
 11235 | D:10     | Reached skill level 5 in Spellcasting
 11311 | D:10     | Reached skill level 8 in Fighting
 11381 | D:10     | Noticed an unseen horror
 11403 | D:10     | Killed an unseen horror
 11403 | D:10     | Reached XP level 11. HP: 24/86 MP: 11/18
 11875 | D:11     | Noticed a green ugly thing
 11885 | D:11     | Killed a green ugly thing
 12110 | D:11     | Noticed Gastronok
 12138 | D:11     | Killed Gastronok
 12399 | D:11     | Found a flagged portal.
 12477 | D:11     | Noticed a death knight
 12571 | D:11     | Noticed Erica
 12604 | D:11     | Killed a death knight
 12611 | D:11     | Killed Erica
 12726 | D:11     | Noticed a two-headed ogre
 12736 | D:11     | Killed a two-headed ogre
 12736 | D:11     | Reached skill level 5 in Conjurations
 12736 | D:11     | Reached skill level 5 in Hexes
 12736 | D:11     | Reached skill level 5 in Charms
 12736 | D:11     | Reached skill level 5 in Summonings
 12736 | D:11     | Reached skill level 5 in Necromancy
 12736 | D:11     | Reached skill level 5 in Translocations
 12736 | D:11     | Reached skill level 5 in Transmutations
 12736 | D:11     | Reached skill level 5 in Fire Magic
 12736 | D:11     | Reached skill level 5 in Ice Magic
 12736 | D:11     | Reached skill level 5 in Air Magic
 12736 | D:11     | Reached skill level 5 in Earth Magic
 12736 | D:11     | Reached skill level 5 in Poison Magic
 13190 | D:11     | Reached XP level 12. HP: 84/94 MP: 21/21
 13857 | D:11     | Found a roughly hewn altar of Beogh.
 13857 | D:11     | Found a staircase to the Orcish Mines.
 14349 | D:12     | Hit by a large rock thrown by a cyclops

Skill      XL: |  1  2  3  4  5  6  7  8  9 10 11 |
---------------+----------------------------------+-----
Invocations    | 1 2 3 4 5 6 |  6.9
Short Blades   | 1 2 3 4 5 6 |  6.3
Long Blades    | 1 2 3 4 5 6 |  6.3
Maces & Flails | 1 2 3 4 5 6 |  6.3
Staves         | 1 2 3 4 5 6 |  6.3
Slings         | 1 2 3 4 5 6 |  6.3
Bows           | 1 2 3 4 5 6 |  6.3
Crossbows      | 1 2 3 4 5 6 |  6.3
Throwing       | 1 2 3 4 5 6 |  6.3
Dodging        | 1 2 3 4 5 6 |  6.3
Unarmed Combat | 1 2 3 4 5 6 |  6.3
Spellcasting   | 1 2 3 4 5 6 |  6.3
Evocations     | 1 2 3 4 0 |  0.0
Conjurations   | 1 2 3 4 5 |  5.2
Hexes          | 1 2 3 4 5 |  5.2
Charms         | 1 2 3 4 5 |  5.2
Summonings     | 1 2 3 4 5 |  5.2
Necromancy     | 1 2 3 4 5 |  5.2
Translocations | 1 2 3 4 5 |  5.2
Transmutations | 1 2 3 4 5 |  5.2
Fire Magic     | 1 2 3 4 5 |  5.2
Ice Magic      | 1 2 3 4 5 |  5.2
Air Magic      | 1 2 3 4 5 |  5.2
Earth Magic    | 1 2 3 4 5 |  5.2
Poison Magic   | 1 2 3 4 5 |  5.2
Axes           | 3 4 5 6 |  6.8
Polearms       | 3 4 5 6 |  6.8
Shields        | 3 4 5 6 |  6.8
Armour         | 5 6 7 |  7.7
Fighting       | 7 7 8 |  8.8
Stealth        | 5 5 6 7 |  7.5

Action                   |  1- 3 |  4- 6 |  7- 9 | 10-12 || total
-------------------------+-------+-------+-------+-------++-------
Melee: Spear             |    61 |   241 |   521 |   866 ||  1689
       Bite              |     1 |    17 |    59 |    93 ||   170
       Punch             |       |     3 |     4 |       ||     7
Throw: Stone             |    13 |    92 |   123 |   235 ||   463
 Cast: Animate Skeleton  |       |       |       |    15 ||    15
Invok: Sacrifice Skill   |       |       |     1 |       ||     1
       Draw Out Power    |       |       |       |     2 ||     2
       Sacrifice Words   |       |       |       |     1 ||     1
       Sacrifice Artific |       |       |       |     1 ||     1
       Apocalypse        |       |       |       |     6 ||     6
  Use: Scroll            |     4 |     3 |     7 |     7 ||    21
       Potion            |     2 |     1 |     2 |     9 ||    14
 Stab: Sleeping          |     6 |       |       |       ||     6
       Invisible         |       |       |       |     5 ||     5
       Distracted        |       |       |       |     6 ||     6
       Paralysed         |       |       |       |     1 ||     1
  Eat: Chunk             |       |     8 |    12 |    14 ||    34
       Ration            |       |       |     1 |     2 ||     3
Armor: Ring mail         |     7 |       |       |       ||     7
       Scale mail        |     3 |    60 |       |       ||    63
       Chain mail        |       |    41 |   169 |   215 ||   425
       Skin              |       |    13 |       |       ||    13
Dodge: Dodged            |    17 |    84 |   175 |   175 ||   451
Block: Buckler           |       |       |       |   124 ||   124
